[Event "DMP-III LIGA Senior PK 2020"]
[Site "Bystre"]
[Date "2020.07.09"]
[Round "2.4"]
[White "Ziemniak, Piotr"]
[Black "Korys, Dawid"]
[Result "1/2-1/2"]
[ECO "B02"]
[WhiteElo "1791"]
[BlackElo "1343"]
[Annotator "NA"]
[PlyCount "34"]
[EventDate "2020.07.05"]
[EventType "team-tourn"]
[EventCountry "POL"]
[SourceTitle "playchess.com"]
[Source "ChessBase"]
[SourceQuality "1"]
[TimeControl "5400+30"]

1. e4 Nf6 2. Nc3 e6 3. g3 Bb4 4. Bg2 Bxc3 5. bxc3 d5 6. e5 Nfd7 7. d4 O-O 8. Nf3 f6 9. exf6 Nxf6 10. Ba3 Re8 11. O-O Nbd7 12. Re1 Nb6 13. Ne5 Nfd7 14. Nd3 Nc4 15. Bc1 c6 16. Qh5 Nf6 17. Qh4 Qa5 1/2-1/2

[Event "DMP-III LIGA Senior PK 2020"]
[Site "Bystre"]
[Date "2020.07.09"]
[Round "2.5"]
[White "Medrygal, Rafal"]
[Black "Wozniak, Grzegorz"]
[Result "1-0"]
[ECO "B30"]
[WhiteElo "1258"]
[BlackElo "1608"]
[Annotator "NA"]
[PlyCount "103"]
[EventDate "2020.07.05"]
[EventType "team-tourn"]
[EventCountry "POL"]
[SourceTitle "playchess.com"]
[Source "ChessBase"]
[SourceQuality "1"]
[TimeControl "5400+30"]

1. e4 c5 2. Nf3 Nc6 3. c3 e6 4. d4 d5 5. exd5 Qxd5 6. Bd3 Nf6 7. Be3 cxd4 8. Nxd4 Qxg2 9. Qf3 Qxf3 10. Nxf3 a6 11. Nbd2 Nd5 12. Bg5 h6 13. Bh4 f5 14. c4 Nf4 15. Bf1 Ng6 16. O-O-O Bc5 17. Rg1 Nxh4 18. Nxh4 g5 19. Nhf3 Bxf2 20. Rg2 Be3 21. Kb1 g4 22. Re2 Bf4 23. Nh4 Bg5 24. Nxf5 Be7 25. Ng7+ Kf7 26. Nh5 e5 27. Rf2+ Kg6 28. Ng3 h5 29. Bd3+ Kg7 30. Rdf1 Be6 31. Bf5 Bf7 32. Be4 Bg6 33. Nf5+ Bxf5 34. Rxf5 Raf8 35. Bxc6 bxc6 36. Rxe5 Rxf1+ 37. Nxf1 Bf6 38. Re6 Kf7 39. Rxc6 Re8 40. Ng3 h4 41. Nf5 Re1+ 42. Kc2 Re2+ 43. Kd3 Rxh2 44. Nh6+ Kg7 45. Nxg4 Rh3+ 46. Kc2 Rf3 47. Rxa6 h3 48. Ra3 Rf4 49. Nxf6 Rxc4+ 50. Kd2 Rh4 51. Ng4 Rxg4 52. Rxh3 1-0

[Event "DMP-III LIGA Senior PK 2020"]
[Site "Bystre"]
[Date "2020.07.09"]
[Round "2.6"]
[White "Polak, Sylwia"]
[Black "Trybowska, Anna"]
[Result "0-1"]
[ECO "A59"]
[WhiteElo "1614"]
[BlackElo "1583"]
[Annotator "NA"]
[PlyCount "54"]
[EventDate "2020.07.05"]
[EventType "team-tourn"]
[EventCountry "POL"]
[SourceTitle "playchess.com"]
[Source "ChessBase"]
[SourceQuality "1"]
[TimeControl "5400+30"]

1. d4 Nf6 2. c4 c5 3. d5 b5 4. cxb5 a6 5. bxa6 Bxa6 6. Nc3 d6 7. e4 Bxf1 8. Kxf1 g6 9. Nf3 Bg7 10. g3 O-O 11. Kg2 Na6 12. Qe2 Re8 13. Re1 Qb6 14. Nd2 Nb4 15. Nc4 Qa6 16. a4 Reb8 17. Bg5 Nc2 18. Qxc2 Qxc4 19. Ra3 h6 20. Bd2 Ng4 21. b3 Qd4 22. Nd1 Ne5 23. f4 Nd3 24. Re3 Nb4 25. Qc3 Qxc3 26. Rxc3 Bxc3 27. Nxc3 Nc2 0-1

[Event "DMP-III LIGA Senior PK 2020"]
[Site "Bystre"]
[Date "2020.07.09"]
[Round "2.8"]
[White "Smusz, Kamil"]
[Black "Baniak, Lukasz"]
[Result "0-1"]
[ECO "A45"]
[WhiteElo "1922"]
[BlackElo "1939"]
[Annotator "ChessBase"]
[PlyCount "66"]
[EventDate "2020.07.05"]
[EventType "team-tourn"]
[EventCountry "POL"]
[SourceTitle "playchess.com"]
[Source "ChessBase"]
[SourceQuality "1"]
[TimeControl "5400+30"]

1. d4 Nf6 2. Bf4 c5 3. d5 d6 4. Nc3 Na6 5. e4 Nc7 6. a4 g6 7. Be2 Bg7 8. Qd2 O-O 9. Bh6 Rb8 10. h4 a6 11. h5 b5 12. hxg6 fxg6 13. Bxg7 Kxg7 14. Qh6+ Kg8 15. Nf3 Rf7 16. Ng5 Rg7 17. Nd1 e6 18. Ne3 exd5 19. exd5 Qe7 20. axb5 axb5 21. Ra7 c4 22. Nf3 Rb7 23. Rxb7 Bxb7 24. Qf4 Ncxd5 25. Qd4 Nxe3 26. Qxe3 Qxe3 27. fxe3 Re7 28. Kd2 Ne4+ 29. Ke1 Ng3 30. Rh3 Nf5 31. Kf2 Nxe3 32. Nd4 Nxg2 33. Nxb5 Rxe2+ 0-1

[Event "DMP-III LIGA Senior PK 2020"]
[Site "Bystre"]
[Date "2020.07.09"]
[Round "2.9"]
[White "Biesiadecki, Adam"]
[Black "Kasperek, Rafal"]
[Result "1/2-1/2"]
[ECO "A41"]
[WhiteElo "1539"]
[BlackElo "1982"]
[Annotator "ChessBase"]
[PlyCount "89"]
[EventDate "2020.07.05"]
[EventType "team-tourn"]
[EventCountry "POL"]
[SourceTitle "playchess.com"]
[Source "ChessBase"]
[SourceQuality "1"]
[TimeControl "5400+30"]

1. d4 d6 2. c4 e5 3. e3 Nd7 4. Nc3 Ngf6 5. Nf3 g6 6. Be2 Bg7 7. h4 c6 8. d5 Qc7 9. e4 a6 10. Bd2 Nc5 11. Qc2 cxd5 12. Nxd5 Nxd5 13. cxd5 f5 14. b4 Ne6 15. Qxc7 Nxc7 16. Rc1 Kd7 17. exf5 b5 18. Bd3 Nxd5 19. O-O Bb7 20. fxg6 hxg6 21. Bxg6 Ne7 22. h5 Bxf3 23. gxf3 Nxg6 24. hxg6 Bh6 25. Bxh6 Rxh6 26. Rfd1 Rg8 27. Kf1 Rh1+ 28. Ke2 Rxd1 29. Rxd1 Rxg6 30. Ke3 Rh6 31. Rg1 Rh4 32. Rg4 Rh1 33. Rg7+ Ke6 34. Ra7 Rb1 35. Rxa6 Rxb4 36. Ra3 Rb2 37. f4 exf4+ 38. Kxf4 Rxf2+ 39. Ke4 Rb2 40. Ra6 Rb4+ 41. Kd3 Kd5 42. Kc3 Rc4+ 43. Kb3 Rh4 44. Ra8 Kc5 45. Rc8+ 1/2-1/2

[Event "DMP-III LIGA Senior PK 2020"]
[Site "Bystre"]
[Date "2020.07.09"]
[Round "2.10"]
[White "Mikula, Michal"]
[Black "Juszczuk, Grzegorz"]
[Result "1/2-1/2"]
[ECO "B01"]
[WhiteElo "1858"]
[BlackElo "1809"]
[Annotator "NA"]
[PlyCount "103"]
[EventDate "2020.07.05"]
[EventType "team-tourn"]
[EventCountry "POL"]
[SourceTitle "playchess.com"]
[Source "ChessBase"]
[SourceQuality "1"]
[TimeControl "5400+30"]

1. e4 d5 2. exd5 Qxd5 3. Nc3 Qd8 4. d4 e6 5. Nf3 Nf6 6. Bc4 Be7 7. Bf4 c6 8. a4 O-O 9. O-O Nd5 10. Bg3 Nd7 11. Qe2 N7f6 12. Bb3 a5 13. Ne5 Bd6 14. Rad1 Qc7 15. Nb1 $11 Nd7 16. c4 Nb4 17. f4 Bxe5 18. fxe5 b5 19. cxb5 cxb5 20. axb5 Nb6 21. Be1 Bb7 22. Nc3 Rfd8 23. Ne4 Bxe4 24. Qxe4 N6d5 25. Bh4 Rdc8 26. Qg4 Qd7 27. Bf6 g6 28. Qg5 Qe8 29. h4 Qf8 30. h5 h6 31. Qg3 g5 32. Rc1 Rxc1 33. Rxc1 Nf4 34. Qf3 Rc8 35. Rc3 Nfd5 36. Bxd5 Nxd5 37. Rc6 Rb8 38. Qb3 Nxf6 39. exf6 Qd8 40. Qc4 Qxf6 41. b6 Kg7 42. Qc5 Qf4 43. d5 exd5 44. Rc7 Re8 45. Qxa5 Qd4+ 46. Kh2 Qf4+ 47. Kg1 Qd4+ 48. Kf1 Qd1+ 49. Kf2 Qd4+ 50. Kf1 Qd1+ 51. Kf2 Re1 52. Kg3 1/2-1/2

[Event "DMP-III LIGA Senior PK 2020"]
[Site "Bystre"]
[Date "2020.07.09"]
[Round "2.12"]
[White "Zgoda, Aleksandra"]
[Black "Krzyzanowska-Zadlo, Lidia"]
[Result "0-1"]
[ECO "B28"]
[WhiteElo "1203"]
[BlackElo "1801"]
[Annotator "NA"]
[PlyCount "58"]
[EventDate "2020.07.05"]
[EventType "team-tourn"]
[EventCountry "POL"]
[SourceTitle "playchess.com"]
[Source "ChessBase"]
[SourceQuality "1"]
[TimeControl "5400+30"]

1. e4 c5 2. Nf3 a6 3. d4 cxd4 4. Nxd4 Nf6 5. Nc3 e5 6. Nf5 d5 7. Ng3 d4 8. Nce2 Nc6 9. f4 Bd6 10. fxe5 Bxe5 11. Bf4 Qa5+ 12. Qd2 Bxf4 13. Nxf4 Qe5 14. O-O-O O-O 15. Bd3 Bd7 16. Rde1 Qc5 17. Kb1 Ne5 18. h3 Rac8 19. Rhf1 b5 20. Nf5 Bxf5 21. exf5 Nc4 22. Bxc4 bxc4 23. g4 c3 24. Qd3 Qb4 25. Kc1 Qxb2+ 26. Kd1 Rfe8 27. Ne2 Nd5 28. Nc1 Nb4 29. Rxe8+ Rxe8 0-1

[Event "DMP-III LIGA Senior PK 2020"]
[Site "Bystre"]
[Date "2020.07.09"]
[Round "2.13"]
[White "Lach, Dariusz"]
[Black "Kopczyk, Daniel"]
[Result "1/2-1/2"]
[ECO "D02"]
[WhiteElo "1748"]
[BlackElo "2137"]
[Annotator "ChessBase"]
[PlyCount "191"]
[EventDate "2020.07.05"]
[EventType "team-tourn"]
[EventCountry "POL"]
[SourceTitle "playchess.com"]
[Source "ChessBase"]
[SourceQuality "1"]
[TimeControl "5400+30"]

1. d4 Nf6 2. Nf3 d5 3. Bf4 c5 4. c3 e6 5. e3 Nc6 6. Bd3 Bd6 7. Bxd6 Qxd6 8. Nbd2 O-O 9. O-O e5 10. dxe5 Nxe5 11. Nxe5 Qxe5 12. h3 Bd7 13. Re1 Bc6 14. Be2 Rad8 15. Bf3 Ne4 16. Qc2 f5 17. Rad1 b5 18. Nb3 Qe7 19. Nd2 Rd6 20. g3 Rg6 21. Bg2 Qc7 22. Nf1 Rgf6 23. Nd2 g5 24. Nxe4 fxe4 25. Rd2 Qf7 26. b4 c4 27. Ree2 Bd7 28. Qd1 Be6 29. a4 a6 30. axb5 axb5 31. Ra2 Rh6 32. Qd4 Bxh3 33. Ra7 Qf6 34. Qxf6 Rfxf6 35. Rea2 Bg4 36. R2a5 Rb6 37. Rc7 Ra6 38. Ra7 Rxa7 39. Rxa7 Rd6 40. Kh2 Bf5 41. Kg1 g4 42. Bf1 Bd7 43. Be2 h5 44. Kg2 Kf8 45. Bd1 Ke7 46. Be2 Rb6 47. Bd1 Kd8 48. Be2 Rh6 49. Kg1 Kc8 50. Kg2 Rh7 51. Kg1 Kb8 52. Ra5 Kb7 53. Ra3 Bc6 54. Bf1 Rf7 55. Bg2 Kb6 56. Ra2 Re7 57. Ra3 Re8 58. Kf1 Rf8 59. Kg1 Rh8 60. Kh2 Re8 61. Kg1 Rf8 62. Ra5 Re8 63. Ra3 Re6 64. Kf1 Bb7 65. Ke2 Re8 66. Kf1 Bc8 67. Ke2 Bf5 68. Ra1 Rh8 69. Kf1 Kb7 70. Ra5 Bd7 71. Ra3 Ra8 72. Rxa8 Kxa8 73. Ke2 Kb7 74. Kf1 Kc6 75. Kg1 Kd6 76. Kh2 Bc6 77. Kg1 Ke5 78. Kh2 Kf5 79. Kg1 Kg5 80. Kh2 h4 81. gxh4+ Kxh4 82. Bf1 Be8 83. Kg2 Bd7 84. Kh2 Bc6 85. Bg2 Bb7 86. Bf1 Bc6 87. Be2 d4 88. exd4 e3 89. fxe3 g3+ 90. Kg1 Kh3 91. Bf1+ g2 92. Be2 Kg3 93. Bh5 Be4 94. Bd1 Kh3 95. Be2 Kg3 96. Bd1 1/2-1/2

[Event "DMP-III LIGA Senior PK 2020"]
[Site "Bystre"]
[Date "2020.07.09"]
[Round "2.14"]
[White "Mrozowski, Patryk"]
[Black "Lach, Ireneusz"]
[Result "1/2-1/2"]
[ECO "C50"]
[WhiteElo "2065"]
[BlackElo "1897"]
[Annotator "ChessBase"]
[PlyCount "146"]
[EventDate "2020.07.05"]
[EventType "team-tourn"]
[EventCountry "POL"]
[SourceTitle "playchess.com"]
[Source "ChessBase"]
[SourceQuality "1"]
[TimeControl "5400+30"]

1. e4 e5 2. Nf3 Nc6 3. Bc4 d6 4. d3 Be7 5. Bb3 Nf6 6. c3 O-O 7. h3 Na5 8. Bc2 c5 9. Nbd2 Nc6 10. Qe2 Qc7 11. Nf1 Be6 12. g4 d5 13. Ng3 d4 14. Nf5 Bd8 15. Ng5 Nd7 16. O-O Bxg5 17. Bxg5 f6 18. Bd2 b5 19. Kh1 Kh8 20. Rg1 Rac8 21. Qe1 g6 22. Ng3 c4 23. Qf1 Nc5 24. Bh6 Rfd8 25. dxc4 bxc4 26. g5 fxg5 27. Bxg5 Rf8 28. Qg2 Rb8 29. Rab1 Qd7 30. Kh2 Rf7 31. Rgf1 Rbf8 32. f3 Nd3 33. Bxd3 cxd3 34. Ra1 dxc3 35. bxc3 Na5 36. Bh6 Rc8 37. Bd2 Nc4 38. Rad1 Nxd2 39. Qxd2 Bxh3 40. Rf2 Rd8 41. Qg5 Re8 42. Qe3 Be6 43. Qc5 Qc7 44. Qxc7 Rxc7 45. Rxd3 Rec8 46. Rc2 Bc4 47. Rd6 Kg7 48. Rb2 Bf7 49. Ne2 Bc4 50. Ng3 Bf7 51. Ne2 Bc4 52. Kg2 Bxe2 53. Rxe2 h5 54. Ra6 Rd8 55. Re6 Rd3 56. Rxe5 Rdxc3 57. Ra5 R3c5 58. Ra6 R5c6 59. Rxc6 Rxc6 60. Kg3 Kf6 61. Rd2 Ra6 62. Rc2 g5 63. Rh2 Kg6 64. Rc2 Kf6 65. Rh2 Kg6 66. Rd2 Kf6 67. Rc2 Kg6 68. Kf2 Kf6 69. Ke3 Ra3+ 70. Kd4 Ra4+ 71. Kd5 Ra5+ 72. Kd6 Ra6+ 73. Kd5 Ra5+ 1/2-1/2

[Event "DMP-III LIGA Senior PK 2020"]
[Site "Bystre"]
[Date "2020.07.09"]
[Round "2.15"]
[White "Janzer, Hubert"]
[Black "Futyma, Dawid"]
[Result "1-0"]
[ECO "A45"]
[WhiteElo "1893"]
[BlackElo "1278"]
[Annotator "NA"]
[PlyCount "37"]
[EventDate "2020.07.05"]
[EventType "team-tourn"]
[EventCountry "POL"]
[SourceTitle "playchess.com"]
[Source "ChessBase"]
[SourceQuality "1"]
[TimeControl "5400+30"]

1. d4 Nf6 2. Bf4 d5 3. e3 e6 4. Nf3 Nbd7 5. Nbd2 c5 6. c3 Be7 7. Bd3 O-O 8. Qe2 Qb6 9. O-O-O (9. Rb1 $11 {keeps the balance.}) 9... c4 10. Bb1 a5 (10... Qa5 $17) 11. Ne5 Qa6 12. e4 ({White should play} 12. g4 $1 $15) 12... b5 13. Nxd7 Bxd7 14. e5 Ne8 15. Nf3 b4 16. h4 Rb8 17. Bxh7+ Kh8 18. Ng5 bxc3 19. Qh5 1-0

[Event "DMP-III LIGA Senior PK 2020"]
[Site "Bystre"]
[Date "2020.07.09"]
[Round "2.17"]
[White "Lach, Mateusz"]
[Black "Dziura, Wiktor"]
[Result "1-0"]
[ECO "A40"]
[WhiteElo "1674"]
[BlackElo "1353"]
[Annotator "NA"]
[PlyCount "93"]
[EventDate "2020.07.05"]
[EventType "team-tourn"]
[EventCountry "POL"]
[SourceTitle "playchess.com"]
[Source "ChessBase"]
[SourceQuality "1"]
[TimeControl "5400+30"]

1. d4 g6 2. c4 Bg7 3. Nc3 Nf6 4. e3 c5 5. Nf3 cxd4 6. exd4 d6 7. Be2 O-O 8. O-O Bf5 9. Qb3 Qc8 10. Be3 Nc6 11. a3 Rb8 12. Qa4 a6 13. b4 Ra8 14. Rac1 Qd7 15. d5 Nb8 16. Qxd7 Nbxd7 17. Bd4 Rac8 18. Nh4 e6 19. Nxf5 exf5 20. Bd3 Ne5 21. Bxe5 dxe5 22. c5 Nd7 23. Na4 e4 24. Be2 Be5 25. c6 bxc6 26. dxc6 Nb8 27. b5 axb5 28. Bxb5 Rfd8 29. Nb6 Rc7 30. a4 f4 31. Na8 Ra7 32. c7 Rc8 33. Rfd1 Bxc7 34. Nxc7 Rcxc7 35. Rxc7 Rxc7 36. Rd8+ Kg7 37. Rxb8 Rc1+ 38. Bf1 e3 39. fxe3 fxe3 40. Rb2 f5 41. g3 Rd1 42. Ra2 g5 43. Kg2 f4 44. Be2 Re1 45. a5 Kg6 46. a6 h5 47. a7 1-0

[Event "DMP-III LIGA Senior PK 2020"]
[Site "Bystre"]
[Date "2020.07.09"]
[Round "2.18"]
[White "Kruczek, Aleksandra"]
[Black "Wladyka, Angelika"]
[Result "0-1"]
[ECO "D02"]
[WhiteElo "1038"]
[BlackElo "1601"]
[Annotator "NA"]
[PlyCount "68"]
[EventDate "2020.07.05"]
[EventType "team-tourn"]
[EventCountry "POL"]
[SourceTitle "playchess.com"]
[Source "ChessBase"]
[SourceQuality "1"]
[TimeControl "5400+30"]

1. d4 d5 2. Bf4 Nf6 3. Nf3 e6 4. e3 Nbd7 5. Nbd2 c5 6. c4 a6 7. a4 Be7 8. Bd3 O-O 9. O-O b6 10. b3 Bb7 11. Qc2 Rc8 12. Be5 h6 13. h3 Re8 14. Rab1 Nb8 15. Rfc1 Nc6 16. Bxf6 Bxf6 17. Rb2 cxd4 18. exd4 Nxd4 19. Nxd4 Bxd4 20. Rbb1 Qf6 21. Nf3 dxc4 22. bxc4 Bxf3 23. gxf3 Qxf3 24. Be4 Qxh3 25. Rb3 Qh4 26. Rf3 Rc5 27. Rb1 a5 28. Bh7+ Kf8 29. Qg6 Rg5+ 30. Qxg5 Qxg5+ 31. Kf1 g6 32. Rd1 e5 33. Bxg6 Qxg6 34. Rg3 Qc2 0-1

[Event "DMP-III LIGA Senior PK 2020"]
[Site "Bystre"]
[Date "2020.07.09"]
[Round "2.19"]
[White "Lopuszanski, Kamil"]
[Black "Piekarski, Lukasz"]
[Result "1-0"]
[ECO "E91"]
[WhiteElo "1995"]
[BlackElo "1901"]
[Annotator "ChessBase"]
[PlyCount "67"]
[EventDate "2020.07.05"]
[EventType "team-tourn"]
[EventCountry "POL"]
[SourceTitle "playchess.com"]
[Source "ChessBase"]
[SourceQuality "1"]
[TimeControl "5400+30"]

1. d4 Nf6 2. c4 g6 3. Nf3 Bg7 4. Nc3 O-O 5. e4 d6 6. Be2 Na6 7. h3 e5 8. dxe5 dxe5 9. Be3 Nd7 10. Qc2 c6 11. O-O-O Qe7 12. a3 Nc7 13. g4 a6 14. c5 Nxc5 15. Nd5 Nb3+ 16. Qxb3 cxd5 17. exd5 Qd7 18. Bb6 e4 19. Nd4 Be5 20. Bc4 Ne8 21. Rhe1 Nd6 22. Bf1 Re8 23. Bg2 Qe7 24. Kb1 f5 25. gxf5 gxf5 26. f3 Kh8 27. Nc2 Qf6 28. fxe4 fxe4 29. Bxe4 Nb5 30. Bc5 b6 31. d6 Be6 32. Qf3 Rab8 33. Qh5 Qg7 34. Rg1 1-0

[Event "DMP-III LIGA Senior PK 2020"]
[Site "Bystre"]
[Date "2020.07.09"]
[Round "2.20"]
[White "Pasionek, Ariel"]
[Black "Mazurkiewicz, Andrzej"]
[Result "1-0"]
[ECO "B01"]
[WhiteElo "1914"]
[BlackElo "1608"]
[Annotator "ChessBase"]
[PlyCount "130"]
[EventDate "2020.07.05"]
[EventType "team-tourn"]
[EventCountry "POL"]
[SourceTitle "playchess.com"]
[Source "ChessBase"]
[SourceQuality "1"]
[TimeControl "5400+30"]

1. e4 d5 2. Nf3 dxe4 3. Ng5 Nf6 4. Bc4 e6 5. Nc3 b6 6. Ngxe4 Bb7 7. d3 h6 8. O-O Nbd7 9. Bf4 a6 10. Re1 Be7 11. Qf3 Qc8 12. Qh3 b5 13. Bb3 b4 14. Nb1 Nxe4 15. dxe4 Nc5 16. Nd2 Nxb3 17. axb3 O-O 18. Qg3 Kh7 19. Bxc7 Bf6 20. Nc4 Bd4 21. Be5 Bxe5 22. Qxe5 Qb8 23. Qxb8 Raxb8 24. f3 Rfd8 25. Red1 Rxd1+ 26. Rxd1 Bc6 27. Rd2 f5 28. Rd6 Bb5 29. Rxe6 fxe4 30. Rxe4 Rd8 31. Kf2 Rd1 32. Ne3 Rd2+ 33. Kg3 Re2 34. Kf4 Bc6 35. Re7 Bb5 36. h4 Rf2 37. Re4 Re2 38. h5 Rf2 39. Rxb4 Be8 40. Rb6 Bxh5 41. Rxa6 g5+ 42. Ke5 Re2 43. Kd4 Bg6 44. Ra7+ Kg8 45. Ng4 Rxc2 46. Nxh6+ Kf8 47. Ra5 Rxg2 48. Ng4 Rd2+ 49. Ke5 Rxb2 50. Kf6 Rxb3 51. Ra8+ Be8 52. Ne5 Rb6+ 53. Kxg5 Ke7 54. f4 Rb1 55. Kf5 Bd7+ 56. Nxd7 Kxd7 57. Kf6 Rb6+ 58. Kf7 Rb5 59. Ra4 Kd6 60. Rd4+ Kc5 61. Rd1 Kc4 62. Kg6 Rb6+ 63. Kg5 Rb2 64. f5 Rg2+ 65. Kf6 Kc5 1-0

[Event "DMP-III LIGA Senior PK 2020"]
[Site "Bystre"]
[Date "2020.07.09"]
[Round "2.21"]
[White "Chowaniec, Artur"]
[Black "Samek, Ryszard"]
[Result "1/2-1/2"]
[ECO "C47"]
[WhiteElo "1530"]
[BlackElo "1993"]
[Annotator "ChessBase"]
[PlyCount "36"]
[EventDate "2020.07.05"]
[EventType "team-tourn"]
[EventCountry "POL"]
[SourceTitle "playchess.com"]
[Source "ChessBase"]
[SourceQuality "1"]
[TimeControl "5400+30"]

1. e4 e5 2. Nc3 Nf6 3. Nf3 Nc6 4. d4 exd4 5. Nxd4 Bb4 6. Nxc6 bxc6 7. Bd3 d5 8. exd5 cxd5 9. O-O O-O 10. Bg5 Bxc3 11. bxc3 h6 12. Bh4 Qd6 13. c4 dxc4 14. Bxc4 Qf4 15. Bxf6 Qxf6 16. Re1 Bf5 17. Qe2 Qc6 18. Bd3 Rae8 1/2-1/2

[Event "DMP-III LIGA Senior PK 2020"]
[Site "Bystre"]
[Date "2020.07.09"]
[Round "2.22"]
[White "Wojciechowski, Beniamin"]
[Black "Wrobel, Dariusz"]
[Result "1-0"]
[ECO "C31"]
[WhiteElo "1835"]
[BlackElo "1427"]
[Annotator "NA"]
[PlyCount "112"]
[EventDate "2020.07.05"]
[EventType "team-tourn"]
[EventCountry "POL"]
[SourceTitle "playchess.com"]
[Source "ChessBase"]
[SourceQuality "1"]
[TimeControl "5400+30"]

1. e4 e5 2. f4 d5 3. exd5 Qxd5 4. Nc3 Qe6 5. fxe5 Qxe5+ 6. Qe2 {C31: Falkbeer Counter Gambit: 3 exd5 c6 and 3...e4 sidelines..} Qxe2+ 7. Bxe2 c6 8. Nf3 Nf6 9. O-O Bd6 10. Bc4 O-O {[#]} 11. d4 $146 ({Predecessor:} 11. d3 a5 12. a4 Be6 13. Bxe6 fxe6 14. Ng5 Re8 15. Nge4 Be5 16. Rb1 Nd5 17. Ne2 Nd7 18. Bd2 b6 19. d4 {½-½ (19) Hintz,B-Hauck,B Hamburg 1999}) 11... Bf5 12. Bb3 Nbd7 13. Bg5 Bg6 14. Rae1 Rfe8 15. Nh4 Rxe1 16. Rxe1 Re8 17. Rxe8+ Nxe8 18. Nxg6 hxg6 19. Ne4 Bc7 20. Be7 Bf4 21. Ng5 Bxg5 22. Bxg5 Nef6 23. Kf1 Kf8 24. Ke2 Ne4 25. Bd8 Nd6 26. Kd3 Ke8 27. Bg5 f6 28. Bd2 c5 29. Bd5 cxd4 30. Kxd4 Nf5+ 31. Kc3 b6 32. g4 Ne7 33. Bf3 Ne5 34. Be2 Kd7 35. b4 Kd6 36. a4 Nd5+ $11 37. Kb2 Nc6 38. Ka3 g5 39. c4 Nf4 40. Bd1 Nd4 41. Be3 Ke5 42. Bf2 Ke4 43. h4 gxh4 44. Bxh4 g5 45. Bf2 Kd3 46. c5 bxc5 47. Bxd4 Kxd4 48. b5 Nd5 49. a5 c4 50. Bf3 Nc3 51. Kb4 Na2+ 52. Ka3 Nc3 53. Kb4 Nd5+ 54. Bxd5 Kxd5 55. b6 axb6 56. a6 Kc6 1-0

[Event "DMP-III LIGA Senior PK 2020"]
[Site "Bystre"]
[Date "2020.07.09"]
[Round "2.23"]
[White "Kielb, Miroslaw"]
[Black "Borukalo, Zdzislaw"]
[Result "1/2-1/2"]
[ECO "B32"]
[WhiteElo "1394"]
[BlackElo "1679"]
[Annotator "NA"]
[PlyCount "65"]
[EventDate "2020.07.05"]
[EventType "team-tourn"]
[EventCountry "POL"]
[SourceTitle "playchess.com"]
[Source "ChessBase"]
[SourceQuality "1"]
[TimeControl "5400+30"]

1. e4 c5 2. Nf3 Nc6 3. d4 cxd4 4. Nxd4 e5 5. Nb5 d6 6. N1c3 a6 7. Na3 b5 8. Nd5 Nf6 9. Bg5 Be7 10. Bxf6 Bxf6 11. Bd3 Bg5 12. O-O O-O 13. c3 g6 14. f4 exf4 15. Nxf4 Ne5 16. Nd5 Be6 17. Nc2 Bxd5 18. exd5 Qd7 19. h3 h5 20. Nd4 Be3+ 21. Kh1 Bxd4 22. cxd4 Nxd3 23. Qxd3 Ra7 24. Rf6 Kg7 25. Raf1 a5 26. Qg3 Ra6 27. Qg5 Raa8 28. R1f4 Rac8 29. Rh4 Rh8 30. Rhf4 Rhf8 31. Rh4 Rh8 32. Rhf4 Rhf8 33. Rf2 1/2-1/2

[Event "DMP-III LIGA Senior PK 2020"]
[Site "Bystre"]
[Date "2020.07.09"]
[Round "2.24"]
[White "Krzysztynska, Anna"]
[Black "Wolak, Julia"]
[Result "1-0"]
[ECO "B22"]
[WhiteElo "1857"]
[BlackElo "1516"]
[Annotator "NA"]
[PlyCount "69"]
[EventDate "2020.07.05"]
[EventType "team-tourn"]
[EventCountry "POL"]
[SourceTitle "playchess.com"]
[Source "ChessBase"]
[SourceQuality "1"]
[TimeControl "5400+30"]

1. e4 c5 2. c3 g6 3. d4 cxd4 4. cxd4 d6 5. Nc3 Bg7 6. Bc4 Nf6 7. Nge2 Nc6 8. Bb3 Bg4 9. Be3 a6 10. h3 Bd7 11. O-O O-O 12. f4 Na5 13. Bc2 Nc4 14. Bc1 b5 15. e5 Ne8 16. Be4 Rb8 17. b3 $11 Nb6 18. Be3 b4 19. Nd5 Nxd5 20. Bxd5 e6 21. Bc4 Qb6 22. Qd2 d5 23. Bd3 Nc7 24. g4 a5 25. f5 Rfc8 26. f6 Bh8 27. h4 Bb5 28. Bc2 Bxe2 29. Qxe2 Nb5 30. Bd3 Rc3 31. Bxb5 Qxb5 32. Qxb5 Rxb5 33. Rac1 Rbc5 34. dxc5 Rxe3 35. c6 1-0

[Event "DMP-III LIGA Senior PK 2020"]
[Site "Bystre"]
[Date "2020.07.09"]
[Round "2.25"]
[White "Lorenc, Marian"]
[Black "Marut, Leszek"]
[Result "1/2-1/2"]
[ECO "B01"]
[WhiteElo "2124"]
[BlackElo "1863"]
[Annotator "ChessBase"]
[PlyCount "68"]
[EventDate "2020.07.05"]
[EventType "team-tourn"]
[EventCountry "POL"]
[SourceTitle "playchess.com"]
[Source "ChessBase"]
[SourceQuality "1"]
[TimeControl "5400+30"]

1. e4 d5 2. exd5 Nf6 3. d4 Nxd5 4. c4 Nb6 5. Nc3 e5 6. dxe5 Qxd1+ 7. Kxd1 Be6 8. b3 Nc6 9. Nf3 O-O-O+ 10. Kc2 Bc5 11. Be3 Bf5+ 12. Kb2 Bxe3 13. fxe3 Bg4 14. Rd1 Rxd1 15. Nxd1 Rd8 16. Be2 Nxe5 17. Kc3 Nbd7 18. Nf2 f6 19. h3 Nxf3 20. Nxg4 Ng5 21. Bd3 Re8 22. Re1 Ne4+ 23. Bxe4 Rxe4 24. Nf2 Re7 25. Nd3 Ne5 26. Nf4 c6 27. b4 Ng6 28. Nxg6 hxg6 29. Kd3 Kc7 30. a4 Kd6 31. Kd4 c5+ 32. bxc5+ Kc6 33. Rb1 Rd7+ 34. Ke4 Kxc5 1/2-1/2

[Event "DMP-III LIGA Senior PK 2020"]
[Site "Bystre"]
[Date "2020.07.09"]
[Round "2.26"]
[White "Dobrzanski, Krzysztof"]
[Black "Marciniak, Leonard"]
[Result "0-1"]
[ECO "D04"]
[WhiteElo "1722"]
[BlackElo "1672"]
[Annotator "NA"]
[PlyCount "104"]
[EventDate "2020.07.05"]
[EventType "team-tourn"]
[EventCountry "POL"]
[SourceTitle "playchess.com"]
[Source "ChessBase"]
[SourceQuality "1"]
[TimeControl "5400+30"]

1. d4 Nf6 2. Nf3 d5 3. e3 c5 4. c3 cxd4 5. exd4 Bg4 6. Bd3 e6 7. Nbd2 Nc6 8. O-O Be7 9. Qa4 O-O 10. Ne5 Qc7 11. Nxg4 Nxg4 12. Nf3 Bd6 13. h3 Nh2 14. Nxh2 Bxh2+ 15. Kh1 Bf4 16. Qc2 g6 17. Qe2 a6 18. Qg4 Bxc1 19. Raxc1 Ne7 20. Qg5 Qd7 21. Rfe1 Rae8 22. Re2 Nf5 23. Rce1 Nd6 24. h4 Qd8 25. Qxd8 Rxd8 26. Kg1 Kg7 27. g3 h5 28. Kg2 b5 29. Rc2 Rc8 30. Rec1 Rc6 31. Kf3 Rfc8 32. Ke2 f6 33. Kd2 e5 34. f3 e4 35. fxe4 dxe4 36. Be2 Nf5 37. Rg1 Nxd4 38. Rcc1 Nxe2 39. Kxe2 Rd6 40. Rgd1 Rcd8 41. Rxd6 Rxd6 42. c4 bxc4 43. Rxc4 f5 44. Rc3 Kf6 45. b4 g5 46. a4 Rb6 47. Rc5 gxh4 48. gxh4 Rxb4 49. Rc6+ Ke5 50. Rxa6 Rb2+ 51. Ke1 Kf4 52. a5 Ke3 0-1

[Event "DMP-III LIGA Senior PK 2020"]
[Site "Bystre"]
[Date "2020.07.09"]
[Round "2.27"]
[White "Klok, Kacper"]
[Black "Palacki, Rafal"]
[Result "0-1"]
[ECO "E21"]
[WhiteElo "1463"]
[BlackElo "1755"]
[Annotator "NA"]
[PlyCount "50"]
[EventDate "2020.07.05"]
[EventType "team-tourn"]
[EventCountry "POL"]
[SourceTitle "playchess.com"]
[Source "ChessBase"]
[SourceQuality "1"]
[TimeControl "5400+30"]

1. d4 Nf6 2. c4 e6 3. Nc3 Bb4 4. Nf3 d5 5. Bg5 Nbd7 6. e3 O-O 7. Bd3 dxc4 8. Bxc4 c5 9. Qc2 Qa5 10. Bd3 h6 11. Bxf6 Nxf6 12. O-O cxd4 13. exd4 Bd7 14. a3 Be7 15. Ne5 Rac8 16. Qe2 Rfd8 17. Rac1 Bc6 18. Rfd1 Ba4 19. Re1 Bb3 20. Nc4 Qg5 21. Nd2 Bd5 22. Nde4 Bxe4 23. Nxe4 Qxc1 24. Nxf6+ Bxf6 25. Qe4 Qd2 0-1